 Dungeon Crawl Stone Soup version 0.13-b1-33-g94b2e5f (webtiles) character file.

1446 Kae the Conjurer (level 8, -1/41 HPs)
             Began as a Tengu Fire Elementalist on Oct 7, 2013.
             Was a Believer of Vehumet.
             Slain by an orc warrior
             ... wielding a -1,+0 orcish short sword
              (16 damage)
             ... on Level 6 of the Dungeon.
             The game lasted 00:22:58 (6917 turns).

Kae the Conjurer (Tengu Fire Elementalist)          Turns: 6917, Time: 00:22:58

HP  -1/41        AC  3     Str 15      XL: 8   Next: 57%
MP  20/20        EV 13     Int 17      God: Vehumet [**....]
Gold 140         SH  0     Dex 17      Spells:  4 memorised,  5 levels left

Res.Fire  : . . .   See Invis. : .   F - +4,+3 hand axe of the Throat {venom, Str+3 Res.Cold : + . . Warding : . C - +0 robe "Breiled" {Str+3 Dex+2 Acc+3} Life Prot.: . . . Conserve : . (no shield)
Res.Poison: .       Res.Corr.  : .   (helmet restricted)
Res.Elec. : .       Clarity    : .   k - +0 cloak
Sust.Abil.: . .     Spirit.Shd : .   (no gloves)
Res.Mut.  : .       Stasis     : .   (boots unavailable)
Res.Rott. : .       Flight     : .   (no amulet)
Saprovore : . . .                    (no ring)
                                     n - ring of protection from cold

@: slightly resistant to hostile enchantments, fairly stealthy
A: able to fly, beak, talons 3
a: Fly, Renounce Religion


You were on level 6 of the Dungeon.
You worshipped Vehumet.
Vehumet was pleased with you.
You were hungry.

You visited 1 branch of the dungeon, and saw 6 of its levels.

You collected 305 gold pieces.
You spent 185 gold pieces at shops.

Inventory:

Hand weapons
 d - a -1,+1 orcish dagger
 F - the +4,+3 hand axe of the Throat (weapon) {venom, Str+3}
   (You bought it in a shop on level 4 of the Dungeon)

   It poisons the flesh of those it strikes.
   It affects your strength (+3).
Missiles
 e - 86 darts (quivered)
 q - 13 darts of frost
 u - a dart of dispersal
 G - 10 darts of flame
Armour
 a - a +1 robe
 k - a +0 cloak (worn)
 C - the +0 robe "Breiled" (worn) {Str+3 Dex+2 Acc+3}
   (You found it on level 4 of the Dungeon)

   It affects your strength (+3).
   It affects your dexterity (+2).
   It affects your accuracy (+3).
Magical devices
 g - a wand of teleportation (7) {unknown}
 o - a wand of random effects (17)
 D - a wand of enslavement (13)
 H - a wand of paralysis (4)
Comestibles
 c - 2 bread rations
 v - 3 meat rations
Scrolls
 f - a scroll of teleportation
 p - 3 scrolls of enchant armour
 r - a scroll of magic mapping
 t - a scroll of amnesia
 y - a scroll of immolation {unknown}
 z - 4 scrolls of remove curse
 J - a scroll of curse armour {unknown}
Jewellery
 n - a ring of protection from cold (left hand)
Potions
 h - 2 potions of heal wounds
 i - 2 potions of porridge {unknown}
 j - a potion of speed {unknown}
 l - a potion of agility {unknown}
 m - a potion of restore abilities {unknown}
 s - a potion of mutation {unknown}
 w - a potion of resistance {unknown}
 x - a potion of poison {unknown}
 A - a potion of might {unknown}
 B - a potion of magic {unknown}
 E - a potion of curing {unknown}
 I - a potion of degeneration {unknown}
Books
 b - a book of Flames

   Spells                             Type                      Level
   *Flame Tongue                      Conjuration/Fire             1
   *Throw Flame                       Conjuration/Fire             2
   *Conjure Flame                     Conjuration/Fire             3
   Inner Flame                        Hexes/Fire                   3
   *Sticky Flame                      Conjuration/Fire             4
   Fireball                           Conjuration/Fire             5


   Skills:
 - Level 2.1 Dodging
 - Level 2.0 Stealth
 + Level 4.1 Spellcasting
 * Level 8.6 Conjurations
 * Level 7.6 Fire Magic


You had 5 spell levels left.
You knew the following spells:

 Your Spells              Type           Power        Failure   Level  Hunger
a - Flame Tongue          Conj/Fire      ####.        1%          1    None
b - Throw Flame           Conj/Fire      ####..       1%          2    ##.....
c - Conjure Flame         Conj/Fire      ####....     1%          3    ###....
d - Sticky Flame          Conj/Fire      ####....     8%          4    ####...


Dungeon Overview and Level Annotations

Branches:
Dungeon (6/27)
 Temple: D:4-7          Orc: D:6-11

Altars:
Elyvilon
Fedhas
Sif Muna
Vehumet
Yredelemnul
Jiyva

Shops:
D:4 +*(/


Innate Abilities, Weirdness & Mutations

You can fly.
You have a beak for a mouth.
You have claws for feet.


Message History

Something smites you!
* * * LOW HITPOINT WARNING * * *
An orc comes into view. It is wielding an orcish flail.
There is a stone staircase leading up, spattered with blood here.
Unknown command.
Unknown command.
Unknown command.
Read which item? (? for menu, Esc to quit)
Okay, then.
Drink which item? (? for menu, Esc to quit)
You feel much better.
You are feeling hungry.
The orc warrior shouts!
The orc shouts!
The gnoll hits you with a club. The gnoll hits you with a spear!
The gnoll hits you but does no damage.
The orc priest mumbles some strange prayers to Beogh against you.
Something smites you!
* * * LOW HITPOINT WARNING * * *
The orc warrior hits you with an orcish short sword!
You die...

..# .....#
..!...# .?.....#
#.......#
#.......#
#......)#
##....gg.########
.......g@........
.......o.........
...............
...............
.....%.o#######
.......# .....o#
....o.


o.o You could see 2 orc warriors, an orc priest, an orc wizard, 3 gnolls and 2
orcs.

Vanquished Creatures
  3 centaurs (D:5)
  An ogre (D:4)
  A phantom (D:5)
  Blork the orc (D:4)
  2 crimson imps (D:5)
  2 hounds
  An orc priest (D:5)
  A giant frog skeleton (D:5)
  5 orc wizards
  A scorpion (D:4)
  5 worker ants
  A mottled dragon skeleton (D:4)
  Terence (D:3)
  13 adders
  4 gnolls (D:5)
  A worm zombie (D:5)
  A worm (D:5)
  2 iguana skeletons (D:5)
  An iguana zombie (D:5)
  2 adder skeletons (D:4)
  A giant eyeball (D:4)
  2 giant geckos
  5 oozes (D:2)
  16 orcs
  17 bats
  8 giant cockroaches
  12 hobgoblins
  7 jackals
  11 kobolds
  2 quokkas
  5 giant newts
  A giant newt skeleton (D:5)
  13 goblins
  A goblin skeleton (D:5)
  5 rats
  A butterfly (D:4)
156 creatures vanquished.

Notes
Turn   | Place    | Note
--------------------------------------------------------------
     0 | D:1      | Kae, the Tengu Fire Elementalist, began the quest for the Orb.
     0 | D:1      | Reached XP level 1. HP: 10/10 MP: 3/3
   637 | D:1      | Reached XP level 2. HP: 7/15 MP: 0/5
  1545 | D:2      | Reached XP level 3. HP: 19/19 MP: 5/7
  1814 | D:2      | Found a basalt altar of Yredelemnul.
  1826 | D:2      | Found a viscous altar of Jiyva.
  1916 | D:2      | Reached skill level 4 in Fire Magic
  2354 | D:2      | Reached XP level 4. HP: 16/24 MP: 3/8
  2676 | D:3      | Found a radiant altar of Vehumet.
  2703 | D:3      | Became a worshipper of Vehumet
  2990 | D:3      | Reached XP level 5. HP: 16/28 MP: 2/11
  3077 | D:3      | Noticed Terence
  3118 | D:3      | Killed Terence
  3828 | D:4      | Found a blossoming altar of Fedhas.
  3831 | D:4      | Got a fabulously ornate robe
  3837 | D:4      | Identified the +0 robe "Breiled" {Str+3 Dex+2 Acc+3} (You found it on level 4 of the Dungeon)
  3952 | D:4      | Reached skill level 5 in Conjurations
  3986 | D:4      | Reached XP level 6. HP: 32/32 MP: 9/13
  4015 | D:4      | Noticed Blork the orc
  4041 | D:4      | Learned a level 2 spell: Throw Flame
  4045 | D:4      | Learned a level 3 spell: Conjure Flame
  4050 | D:4      | Learned a level 4 spell: Sticky Flame
  4071 | D:4      | Acquired Vehumet's first power
  4071 | D:4      | Offered knowledge of Sandblast by Vehumet.
  4083 | D:4      | Found Weaqex's Magical Wand Boutique.
  4099 | D:4      | Found Linou's Antique Weapon Boutique.
  4103 | D:4      | Reached skill level 5 in Fire Magic
  4112 | D:4      | Bought a fine hand axe for 156 gold pieces
  4113 | D:4      | Identified the hand axe of the Throat {venom, Str+3} (You bought it in a shop on level 4 of the Dungeon)
  4198 | D:4      | Paralysed by a giant eyeball for 4 turns
  4302 | D:4      | Found The Lis' Book Boutique.
  4385 | D:4      | Found a white marble altar of Elyvilon.
  4395 | D:4      | Noticed an ogre
  4418 | D:4      | Killed an ogre
  4503 | D:4      | Found Vyitzeer's Assorted Antiques.
  4515 | D:4      | Bought a scroll labeled HESHIWIOTY for 29 gold pieces
  4774 | D:4      | Reached skill level 6 in Conjurations
  4835 | D:4      | Reached XP level 7. HP: 36/36 MP: 8/16
  4914 | D:4      | Killed Blork the orc
  4980 | D:5      | Entered Level 5 of the Dungeon
  5189 | D:5      | Offered knowledge of Sting by Vehumet.
  5343 | D:5      | Reached skill level 7 in Conjurations
  5830 | D:5      | Reached XP level 8. HP: 41/41 MP: 7/19
  6070 | D:5      | Found a deep blue altar of Sif Muna.
  6178 | D:5      | Reached skill level 8 in Conjurations
  6334 | D:5      | Paralysed by a centaur for 7 turns
  6348 | D:5      | Offered knowledge of Mephitic Cloud by Vehumet.
  6517 | D:5      | HP: 2/41 [centaur/arrow (15)]
  6917 | D:6      | Slain by an orc warrior

Action                   |  1- 3 |  4- 6 |  7- 9 || total
-------------------------+-------+-------+-------++-------
Melee: Dagger            |    53 |     7 |       ||    60
       Hand axe          |       |     8 |    13 ||    21
 Cast: Flame Tongue      |    54 |   125 |    82 ||   261
       Throw Flame       |       |    13 |    39 ||    52
       Conjure Flame     |       |     2 |     3 ||     5
       Sticky Flame      |       |       |     3 ||     3
Evoke: Wand              |       |     2 |       ||     2
  Use: Scroll            |       |    11 |       ||    11
       Potion            |       |       |     1 ||     1
 Stab: Sleeping          |     3 |       |       ||     3
